 Dungeon Sprint DCSS version 0.25-a0-460-g4f2eb97ec1 (webtiles) character file.

Game seed: 9108946586529420211, levelgen mode: deterministic

2043 McKennaii the Spear-Bearer (level 9, -10/79 HPs)
             Began as a Demonspawn Fighter on Feb 3, 2020.
             Was an Initiate of Makhleb.
             Mangled by a tentacle (17 damage)
             ... attached to a kraken
             ... in the Dungeon (Sprint II: "The Violet Keep of Menkaure").
             The game lasted 00:08:42 (2038 turns).

McKennaii the Spear-Bearer (Demonspawn Fighter)     Turns: 2038, Time: 00:08:43

Health: -10/79     AC: 14    Str: 21    XL:     9   Next: 4%
Magic:  9/9        EV:  7    Int:  9    God:    Makhleb [......]
Gold:   767        SH: 11    Dex: 12    Spells: 8/8 levels left

rFire    + . .     SeeInvis .   a - +0 trident
rCold    + . .     Gourm    .   c - +0 shield
rNeg     . . .     Faith    .   E - +0 chain mail
rPois    .         Spirit   .   (helmet restricted)
rElec    .         Reflect  .   j - scarf {rC+ rF+}
rCorr    .         Harm     .   D - +0 pair of gloves
MR       .....     NoTele   +   (no boots)
Stlth    +.........             x - amulet of regeneration
HPRegen  0.63/turn              (no ring)
MPRegen  0.11/turn              (no ring)

@: very slow
A: horns 1, rugged brown scales 2, nightstalker 2, spiny 1
a: Renounce Religion


You were in the Dungeon.
You worshipped Makhleb.
Makhleb was noncommittal.
You were hungry.

You visited 1 branch You collected 1190 gold pieces.
You spent 423 gold pieces at shops.

Inventory:

Hand Weapons
 a - a +0 trident (weapon)
Armour
 c - a +0 shield (worn)
 j - a scarf of resistance (worn)
 D - a +0 pair of gloves (worn)
 E - a +0 chain mail (worn)
Jewellery
 x - an amulet of regeneration (around neck)
 C - an uncursed amulet of the gourmand
Scrolls
 k - 4 scrolls of blinking
 l - 2 scrolls of amnesia {unknown}
 m - 7 scrolls of identify
 n - 3 scrolls of remove curse {unknown}
 p - a scroll of random uselessness {unknown}
 r - 3 scrolls of magic mapping {unknown}
 s - a scroll of enchant weapon {unknown}
 y - a scroll of immolation {unknown}
 z - a scroll of fear {unknown}
 B - 3 scrolls of enchant armour {unknown}
Potions
 d - a potion of might
 e - 2 potions of curing
 g - a potion of ambrosia {unknown}
 h - a potion of haste
 i - 5 potions of magic
 o - 4 potions of flight {unknown}
 q - a potion of lignification {unknown}
 t - 2 potions of invisibility {unknown}
 u - a potion of heal wounds
 v - a potion of agility
 w - a potion of mutation
 A - 3 potions of resistance {unknown}
Comestibles
 f - 2 rations


   Skills:
 + Level 9.0 Fighting
 * Level 12.5 Polearms
 + Level 8.5 Armour
 + Level 2.3 Dodging
 + Level 2.6 Stealth
 + Level 7.8 Shields


You had 8 spell levels left.
You didn't know any spells.
Your spell library was empty.

Dungeon Overview and Level Annotations

Branches:
Dungeon (1/1)

Altars:
Cheibriados
Dithmenos
Elyvilon
Fedhas
Gozag
Hepliaklqana
Kikubaaqudgha
Makhleb
Nemelex Xobeh
Okawaru
Qazlal
Ru
Sif Muna
Trog
Uskayaw
Vehumet
Wu Jian
Xom
Yredelemnul
Zin
The Shining One
Beogh
Jiyva
Lugonu

Shops:
D [:?![**=%%(![=:}

Annotations:
D exclusions: obsidian statue and oklob plant


Innate Abilities, Weirdness & Mutations

You have a pair of small horns on your head.
You are mostly covered in rugged brown scales. (AC +2, +5% HP)
You are significantly more attuned to the shadows.
You are partially covered in sharp spines.


Message History

The tentacle is struck by your spines. The tentacle slaps you!
You hit the tentacle but do no damage.
The tentacle is severely wounded.
You block the tentacle's attack.
You barely miss the tentacle.
The tentacle is severely wounded.
The tentacle barely misses you.
You puncture the tentacle!
The tentacle is almost dead.
You block the tentacle's attack.
You hit the tentacle.
The tentacle is almost dead.
The tentacle slaps you!!
Your unstable footing causes you to fumble your attack.
You block the tentacle's attack.
Your unstable footing causes you to fumble your attack.
The tentacle slaps you!!
* * * LOW HITPOINT WARNING * * *
The tentacle slaps you!
You die...

#)[▓..()(...▓▓ #
#|)▓...)..(.▓▓ # .^.
###▓(...((.[▓▓ ##
#..##.#▓.)...)([▓▓ .#
+^.#..#▓.....((.▓▓ .#
#^^#..#▓..).(([.▓▓
.####^.##.#▓..(.))..▓▓
...###...##▓▓▓▓▓▓▓Λ▓▓▓▓
.....≈≈≈≈)≈≈≈≈≈≈@w.\wXw≈
.....§#'########'###V≈w≈▓
≈≈§..≈#._._._..#§§§##≈≈≈▓
≈≈§≈.≈#.._._._.#§§≈§####▓
§≈≈≈≈§#._._._._#§§§≈§
§§§§≈≈#_._._._.#§≈≈§§
≈≈≈≈≈≈#._._._..#
≈###≈≈#_._._...# ≈#
#≈≈#._._....#


You could see a kraken and 2 tentacles.

Vanquished Creatures
  A merfolk siren (D)
  A yaktaur (D)
  A hornet (D)
  3 polar bears (D)
  Menkaure (D)
  4 necrophages (D)
  A crocodile (D)
  A hell rat (D)
  4 worker ants (D)
  3 worms (D)
20 creatures vanquished.

Vanquished Creatures (others)
  A crocodile (D)
  12 tentacles (D)
13 creatures vanquished.

Grand Total: 33 creatures vanquished

Notes
Turn   | Place    | Note
-------+----------+-------------------------------------------
     0 | D        | McKennaii the Demonspawn Fighter began the quest for the
                  | Orb.
     0 | D        | Reached XP level 1. HP: 18/18 MP: 1/1
     1 | D        | Noticed a necrophage
     1 | D        | Noticed a necrophage
     1 | D        | Noticed a necrophage
     1 | D        | Noticed a necrophage
    12 | D        | Killed a necrophage
    12 | D        | Reached skill level 5 in Fighting
    12 | D        | Reached skill level 4 in Polearms
    12 | D        | Gained mutation: You have a pair of small horns on your
                  | head. [demonic ancestry]
    12 | D        | Reached XP level 2. HP: 11/26 MP: 2/2
    12 | D        | Gained mutation: You are partially covered in sharp spines.
                  | [demonic ancestry]
    12 | D        | Reached XP level 3. HP: 14/32 MP: 3/3
    12 | D        | Gained mutation: You are slightly more attuned to the
                  | shadows. [demonic ancestry]
    12 | D        | Reached XP level 4. HP: 17/38 MP: 4/4
    19 | D        | Killed a necrophage
    19 | D        | Reached skill level 5 in Polearms
    19 | D        | Reached skill level 5 in Armour
    19 | D        | Reached skill level 5 in Shields
    19 | D        | Gained mutation: You are significantly more attuned to the
                  | shadows. [demonic ancestry]
    19 | D        | Reached XP level 5. HP: 19/44 MP: 5/5
    23 | D        | Killed a necrophage
    23 | D        | Reached skill level 6 in Polearms
    34 | D        | Killed a necrophage
    34 | D        | Reached skill level 7 in Polearms
    34 | D        | Reached XP level 6. HP: 12/52 MP: 6/6
   268 | D        | Found Ojurexia's Gadget Emporium.
   268 | D        | Found Kiuterch's Book Shoppe.
   269 | D        | Found Teygiokk's Jewellery Emporium.
   269 | D        | Found Immyex's Antique Armour Shoppe.
   269 | D        | Found Pifis's Distillery.
   271 | D        | Found Aryemyar's Antique Weapon Emporium.
   271 | D        | Found Ewokial's Food Shoppe.
   271 | D        | Found Xumayryf's Food Emporium.
   272 | D        | Found Ywyxiwk's Assorted Antiques.
   272 | D        | Found Sebled's Assorted Antiques.
   272 | D        | Found Zatwojuk's Antique Armour Shoppe.
   272 | D        | Found Ozekape's Jewellery Shoppe.
   273 | D        | Found Oseykekh's Distillery.
   273 | D        | Found Camonips's Magic Scroll Emporium.
   273 | D        | Noticed a fire dragon
   273 | D        | Noticed a wyvern
   274 | D        | Found Iprusm's Antique Armour Shoppe.
   275 | D        | Noticed a wyvern
   276 | D        | Found Xeavvinn's Book Shoppe.
   276 | D        | Noticed an oklob plant
   276 | D        | Noticed an ice dragon
   279 | D        | Bought a scroll labeled ZUESHA HUSUIMP for 22 gold pieces
   279 | D        | Bought a scroll labeled HAWACV ASUOPN for 22 gold pieces
   279 | D        | Bought a scroll labeled VAZENE WEHI for 22 gold pieces
   279 | D        | Bought a scroll labeled HAWACV ASUOPN for 22 gold pieces
   279 | D        | Bought an inky potion for 19 gold pieces
   279 | D        | Bought a scroll labeled ZUESHA HUSUIMP for 22 gold pieces
   279 | D        | Bought a scroll labeled DILUWI KYDA for 22 gold pieces
   285 | D        | Bought a scroll labeled HAWACV ASUOPN for 25 gold pieces
   285 | D        | Bought an emerald potion for 22 gold pieces
   285 | D        | Bought a scroll labeled PAIFANG CIGICUNE for 25 gold pieces
   335 | D        | Reached skill level 8 in Polearms
   470 | D        | Noticed a merfolk siren
   487 | D        | Killed a merfolk siren
   487 | D        | Reached skill level 10 in Polearms
   487 | D        | Reached skill level 1 in Dodging
   487 | D        | Reached skill level 1 in Stealth
   487 | D        | Gained mutation: You are partially covered in rugged brown
                  | scales. (AC +1, +3% HP) [demonic ancestry]
   487 | D        | Reached XP level 7. HP: 28/60 MP: 7/7
   634 | D        | Noticed an obsidian statue
   674 | D        | Bought a bubbling golden potion for 22 gold pieces
   692 | D        | Bought a scroll of identify for 24 gold pieces
   692 | D        | Bought a scroll of identify for 24 gold pieces
   714 | D        | Bought a potion of degeneration for 10 gold pieces
   714 | D        | Bought a potion of agility for 40 gold pieces
   714 | D        | Bought a potion of mutation for 80 gold pieces
   953 | D        | Found a glowing golden altar of the Shining One.
   953 | D        | Found a basalt altar of Yredelemnul.
   953 | D        | Found a glowing silver altar of Zin.
   954 | D        | Found a shimmering altar of Xom.
   954 | D        | Found a bloodstained altar of Trog.
   955 | D        | Found an ornate altar of the Wu Jian Council.
   955 | D        | Found a shimmering blue altar of Sif Muna.
   956 | D        | Found a sacrificial altar of Ru.
   957 | D        | Found a stormy altar of Qazlal.
   957 | D        | Found a viscous altar of Jiyva.
   957 | D        | Found an ancient bone altar of Kikubaaqudgha.
   957 | D        | Noticed a polar bear
   957 | D        | Noticed a polar bear
   959 | D        | Noticed a polar bear
   979 | D        | Killed a polar bear
   979 | D        | Reached XP level 8. HP: 22/68 MP: 8/8
   989 | D        | Killed a polar bear
   989 | D        | Reached skill level 11 in Polearms
   994 | D        | Killed a polar bear
  1293 | D        | Noticed Menkaure
  1299 | D        | Killed Menkaure
  1316 | D        | Noticed a hornet
  1316 | D        | Noticed a yaktaur
  1324 | D        | Found a hazy altar of Hepliaklqana.
  1325 | D        | Found a roughly hewn altar of Beogh.
  1325 | D        | Found a snail-covered altar of Cheibriados.
  1333 | D        | Killed a hornet
  1333 | D        | Reached skill level 12 in Polearms
  1340 | D        | Killed a yaktaur
  1340 | D        | Gained mutation: You are mostly covered in rugged brown
                  | scales. (AC +2, +5% HP) [demonic ancestry]
  1340 | D        | Reached XP level 9. HP: 19/79 MP: 9/9
  1635 | D        | Found a hide-covered altar of Uskayaw.
  1635 | D        | Found a corrupted altar of Lugonu.
  1635 | D        | Found a shadowy altar of Dithmenos.
  1636 | D        | Found a radiant altar of Vehumet.
  1636 | D        | Found a burning altar of Makhleb.
  1636 | D        | Found a white marble altar of Elyvilon.
  1637 | D        | Found a sparkling altar of Nemelex Xobeh.
  1637 | D        | Found a blossoming altar of Fedhas.
  1638 | D        | Found an opulent altar of Gozag.
  1638 | D        | Found an iron altar of Okawaru.
  1649 | D        | Became a worshipper of Makhleb the Destroyer
  1749 | D        | Noticed a kraken
  2038 | D        | Mangled by a tentacle

Levels and vault maps discovered:
D:        the_violet_keep_of_menkaure [sprint2_stairs_cluster_1,
          sprint2_shoproom, sprint2_temple, sprint2_basic_supplies,
          sprint2_obstacle_3, sprint2_obstacle_4, sprint2_obstacle_7,
          sprint2_obstacle_2, sprint2_obstacle_5, sprint2_timed_cluster_1,
          sprint2_smallroom_cluster_1, sprint2_smallroom_final_cluster_1,
          sprint2_transparent_cluster_1, sprint2_second_timed_cluster_1,
          sprint2_sniper_area_1, sprint2_heavy_combat_area_1,
          sprint2_mutation_trap_area_1, sprint2_forest_area_1,
          sprint2_light_combat_area_1, sprint2_behind_water_1,
          sprint2_near_end_vault_1]

Skill      XL: |  1  2  3  4  5  6  7  8 |
---------------+-------------------------+-----
Fighting       | 5 6 7 8 9 |  9.0
Polearms       | 4 5 7 10 12 | 12.5
Armour         | 4 5 6 7 8 |  8.5
Shields        | 4 5 6 7 |  7.8
Dodging        | 1 2 |  2.3
Stealth        | 1 2 |  2.6

Action                   |  1- 3 |  4- 6 |  7- 9 || total
-------------------------+-------+-------+-------++-------
Melee: Trident           |     9 |    67 |    81 ||   157
       Headbutt          |       |    12 |    10 ||    22
  Use: Potion            |       |       |     2 ||     2
       Scroll            |       |       |     2 ||     2
 Stab: Sleeping          |       |     1 |       ||     1
  Eat: Chunk             |       |       |     3 ||     3
Armor: Scale mail        |       |    12 |    21 ||    33
       Chain mail        |       |       |     2 ||     2
Dodge: Dodged            |     2 |     7 |    23 ||    32
Block: Shield            |     5 |    18 |    36 ||    59

Table legend:
 A = Non-vault XP
 B = Vault XP
 C = Vault XP percentage of total XP
 D = Non-vault monster count
 E = Vault monster count
 F = Vault count percentage of total count
                 A         B        C        D         E       F
            +---------+---------+-------+---------+---------+-------
      Total |       0 |    2919 | 100.0 |       0 |      20 | 100.0
            +---------+---------+-------+---------+---------+-------
          D |       0 |    2919 | 100.0 |       0 |      20 | 100.0
            +---------+---------+-------+---------+---------+-------
